 Dungeon Crawl Stone Soup version 0.26.1-11-gd32895ea62 (webtiles) character file.

Game seed: 5584101200646787272

5254 Zeld the Basher (level 10, -1/68 (90) HPs)
             Began as a Red Draconian Gladiator on June 6, 2021.
             Was a Believer of Qazlal.
             Slain by a boulder beetle (18 damage)
             ... on level 9 of the Dungeon.
             The game lasted 00:41:14 (19604 turns).

Zeld the Basher (Red Draconian Gladiator)          Turns: 19604, Time: 00:41:15

HP:   -1/68 (90)    AC:  9    Str: 20    XL:     10   Next: 36%
MP:   10/10         EV: 10    Int:  8    God:    Qazlal [**....]
Gold: 293           SH: 17    Dex: 13    Spells: 9/9 levels left

rFire    + . .     SeeInvis .   a - +2 flail (protect)
rCold    . . .     Faith    .   I - +2 kite shield
rNeg     . . .     Spirit   .   (armour unavailable)
rPois    .         Reflect  +   b - +0 hat
rElec    .         Harm     .   w - scarf {repulsion}
rCorr    .         Rampage  .   l - +0 pair of gloves
Will     .....                  c - +0 pair of boots {Fly}
Stlth    +.........             e - amulet of reflection
HPRegen  0.21/turn              (no ring)
MPRegen  0.12/turn              (no ring)

@: flying, heavily drained, repel missiles
A: breathe fire, unfitting armour, fire resistance 1, cold-blooded, AC +7
a: Breathe Fire, Stop Flying, Renounce Religion, Upheaval


You were on level 9 of the Dungeon.
You worshipped Qazlal.
Qazlal was pleased with you.
You visited 2 branches of the dungeon, and saw 10 of its levels.

You collected 458 gold pieces.
You spent 165 gold pieces at shops.

Inventory:

Hand Weapons
 a - a +2 flail of protection (weapon)
Missiles
 f - 143 stones (quivered)
 k - 34 poisoned darts
 F - 2 boomerangs
Armour
 b - a +0 hat (worn)
 c - a +0 pair of boots of flying (worn)
 l - a +0 pair of gloves (worn)
 w - a scarf of repulsion (worn)
 I - a +2 kite shield (worn)
Jewellery
 e - an amulet of reflection (around neck)
 r - a +6 ring of intelligence {unknown}
 J - a cursed ring of attention {unknown}
Wands
 z - a wand of flame (17)
 B - a wand of random effects (20)
 K - a wand of iceblast (8)
 L - a wand of acid (9)
Scrolls
 h - 3 scrolls of fear {unknown}
 j - 3 scrolls of immolation {unknown}
 m - a scroll of fog {unknown}
 n - 9 scrolls of teleportation {unknown}
 o - 9 scrolls of identify {unknown}
 q - 5 scrolls of enchant weapon {unknown}
 u - a scroll of enchant armour {unknown}
 x - 2 scrolls of magic mapping {unknown}
 y - 2 scrolls of blinking {unknown}
 A - a scroll of random uselessness {unknown}
 C - 5 scrolls of remove curse {unknown}
 E - a scroll of noise {unknown}
Potions
 d - 5 potions of magic {unknown}
 g - 5 potions of curing {unknown}
 i - a potion of cancellation {unknown}
 p - 4 potions of brilliance {unknown}
 s - 2 potions of heal wounds {unknown}
 t - 5 potions of flight {unknown}
 v - 2 potions of lignification {unknown}
 D - a potion of might {unknown}
 G - 2 potions of attraction {unknown}
 H - a potion of ambrosia {unknown}
 M - a potion of resistance {unknown}
 N - a potion of mutation {unknown}


   Skills:
 + Level 8.4 Fighting
 * Level 10.9 Maces & Flails
 - Level 8.0 Throwing
 - Level 3.0 Dodging


You had 9 spell levels left.
You didn't know any spells.
Your spell library contained the following spells:

 Spells                   Type           Power        Failure   Level
 Animate Skeleton         Necr           0%           97%         1
 Pain                     Necr           0%           97%         1
 Vampiric Draining        Necr           0%           100%        3
 Animate Dead             Necr           0%           100%        4
 Agony                    Necr           0%           100%        5


Dungeon Overview and Level Annotations

Branches:
Dungeon (9/15)             Temple (1/1) D:7            Lair (0/6) D:8
    Orc: D:9-12

Altars:
Ashenzari
Cheibriados
Dithmenos
Elyvilon
Fedhas
Gozag
Hepliaklqana
Kikubaaqudgha
Makhleb
Nemelex Xobeh
Okawaru
Qazlal
Ru
Sif Muna
Trog
Uskayaw
Vehumet
Wu Jian
Xom
Yredelemnul
Zin
The Shining One

Shops:
D:4 [

Annotations:
D:9 dtburroughs's ghost, novice MiBe


Innate Abilities, Weirdness & Mutations

You can breathe blasts of fire.
Your fiery red scales are hard. (AC +7)
You cannot fit into any form of body armour.
Your flesh is heat resistant. (rF+)
You are cold-blooded and may be slowed by cold attacks.


Message History

The boulder beetle curls into a ball and begins rolling!
A boulder beetle is nearby!
There is an escape hatch in the floor here.
Okay, then.
Okay, then.
That's the wrong kind of item! (Use * to select it.) Fire/throw which item? (* to show all) (? for menu, Esc to quit)
Okay, then.
Throw: 35 darts (poison)
Press: ? - help, Shift-Dir - straight line, f - boulder beetle
Aim: a boulder beetle (91% to hit)
You throw a poisoned dart.
The poisoned dart hits the boulder beetle!
The boulder beetle is poisoned.
The boulder beetle hits you!!!
Ouch! That really hurt!
* * * LOW HITPOINT WARNING * * *
The boulder beetle stops rolling and uncurls.
Okay, then.
The boulder beetle bites you!!
You die...

### ######### #.# ####
........# ##'####### ....
........# ###........# ...#
........###.'...)....###≈.≈##
.......<'...#@.))....#.≈.≈.≈.
........#####.B.°....+○.≈.≈..
........# #.§........≈._.≈.
........# #####'###...≈.≈..
####+#### #.# ##.≈._.≈. ..#
..≈.≈.. #.## .≈.≈.≈. #'
##≈.≈## .. .).#


You could see a boulder beetle (very poisoned).

Vanquished Creatures
  A two-headed ogre (D:9)
  Joseph (D:7)
  Maggie (D:6)
  2 yaks
  Edmund (D:5)
  Menkaure (D:7)
  Duvessa (D:4)
  4 orc warriors
  An ice beast (D:7)
  A black bear (D:7)
  6 ogres
  A phantom (D:9)
  6 centaurs
  Blork the orc (D:4)
  2 bullfrogs (D:8)
  Dowan (D:4)
  6 scorpions
  3 killer bees (D:8)
  A howler monkey (D:8)
  A jelly (D:6)
  4 hounds
  6 orc wizards
  3 bullfrog skeletons
  6 orc priests
  Crazy Yiuf (D:3)
  2 worker ants
  2 iguanas
  A killer bee zombie (D:7)
  A worker ant zombie (D:9)
  11 adders
  2 shadow imps (D:5)
  A white imp (D:8)
  4 ufetubi
  An ooze (D:7)
  3 worms
  A dart slug (D:1)
  2 leopard geckos
  38 orcs
  4 bats
  5 giant cockroaches
  6 goblins
  5 hobgoblins
  6 jackals
  6 kobolds
  8 quokkas
  2 ball pythons (D:1)
  3 frilled lizards
  2 leopard gecko skeletons (D:6)
  A leopard gecko zombie (D:6)
  4 rats
  A butterfly (D:7)
184 creatures vanquished.

Vanquished Creatures (others)
  A troll (D:9)
  An orc warrior (D:9)
  An ogre (D:9)
  A centaur (D:9)
  A scorpion (D:9)
  2 worker ants (D:9)
  An adder (D:9)
  A shadow imp (D:9)
  An ufetubus (D:9)
  13 fungi (D:8)
  17 plants (D:8)
40 creatures vanquished.

Grand Total: 224 creatures vanquished

Notes
Turn   | Place    | Note
-------+----------+-------------------------------------------
     0 | D:1      | Zeld the Draconian Gladiator began the quest for the Orb.
     0 | D:1      | Reached XP level 1. HP: 17/17 MP: 1/1
  2206 | D:1      | Reached XP level 2. HP: 24/25 MP: 2/2
  3612 | D:2      | Found a stormy altar of Qazlal.
  4085 | D:2      | Reached XP level 3. HP: 30/30 MP: 3/3
  4121 | D:2      | Found a hide-covered altar of Uskayaw.
  5576 | D:3      | Reached XP level 4. HP: 37/37 MP: 4/4
  6007 | D:3      | Found a faded altar of an unknown god.
  6721 | D:3      | Reached skill level 4 in Maces & Flails
  6924 | D:2      | Became a worshipper of Qazlal Stormbringer
  7038 | D:3      | Found a runed translucent door.
  7039 | D:3      | Noticed Crazy Yiuf
  7057 | D:3      | Found a sacrificial altar of Ru.
  7235 | D:4      | Reached XP level 5. HP: 42/45 MP: 5/5
  7286 | D:4      | Noticed Duvessa
  7286 | D:4      | Noticed Dowan
  7865 | D:4      | Found Fafig's Antique Armour Boutique.
  7916 | D:4      | Noticed Blork the orc
  7981 | D:4      | Killed Blork the orc
  8737 | D:5      | Entered Level 5 of the Dungeon
  8799 | D:5      | Reached XP level 6. HP: 37/51 MP: 6/6
  9634 | D:5      | Found a white marble altar of Elyvilon.
  9733 | D:5      | Reached skill level 5 in Maces & Flails
 10691 | D:5      | Your scales start taking on a fiery red colour.
 10691 | D:5      | Reached XP level 7. HP: 59/59 MP: 7/7
 10691 | D:5      | Gained mutation: Your flesh is heat resistant. (rF+) [Red
                  | Draconian growth]
 11039 | D:5      | Reached skill level 5 in Throwing
 11264 | D:4      | Bought a pair of glowing boots for 165 gold pieces
 11317 | D:4      | Killed Duvessa
 11318 | D:4      | Reached skill level 6 in Maces & Flails
 11330 | D:4      | Killed Dowan
 11598 | D:3      | Paralysed by Crazy Yiuf for 6 turns
 11604 | D:3      | Killed Crazy Yiuf
 11915 | D:6      | Reached * piety under Qazlal
 11916 | D:6      | Reached XP level 8. HP: 57/67 MP: 8/8
 12184 | D:6      | Reached skill level 5 in Fighting
 12358 | D:6      | Noticed Maggie
 12365 | D:6      | Noticed Edmund
 12377 | D:6      | Killed Maggie
 12378 | D:6      | Reached skill level 7 in Maces & Flails
 12503 | D:5      | Killed Edmund
 13386 | D:7      | Found a staircase to the Ecumenical Temple.
 13423 | Temple   | Entered the Ecumenical Temple
 14086 | D:7      | Reached XP level 9. HP: 60/75 MP: 9/9
 14100 | D:7      | Reached skill level 8 in Maces & Flails
 14117 | D:7      | Noticed Menkaure
 14321 | D:7      | Killed Menkaure
 14728 | D:7      | Noticed Joseph
 14752 | D:7      | Killed Joseph
 15230 | D:7      | Found a basalt altar of Yredelemnul.
 15823 | D:8      | Found an opulent altar of Gozag.
 15849 | D:7      | Reached skill level 9 in Maces & Flails
 16608 | D:8      | Got a pair of steaming boots
 16619 | D:8      | Identified the +1 pair of boots of the Dropbear {*Drain
                  | rPois rF+} (You found it on level 8 of the Dungeon)
 16668 | D:8      | Reached ** piety under Qazlal
 17638 | D:8      | Reached skill level 10 in Maces & Flails
 17638 | D:8      | Reached XP level 10. HP: 73/87 MP: 10/10
 17729 | D:8      | Found a staircase to the Lair.
 18742 | D:8      | Found a sacrificial altar of Ru.
 18749 | D:8      | Found a glowing silver altar of Zin.
 18799 | D:9      | Found a shimmering altar of Xom.
 18919 | D:9      | Noticed a two-headed ogre
 18940 | D:9      | Killed a two-headed ogre
 19067 | D:9      | Found a runed translucent door.
 19067 | D:9      | Noticed dtburroughs's ghost (novice MiBe)
 19577 | D:9      | Found an ornate altar of the Wu Jian Council.
 19577 | D:9      | Found a hide-covered altar of Uskayaw.
 19585 | D:9      | Noticed a boulder beetle
 19604 | D:9      | Slain by a boulder beetle

Illustrated notes

Levels and vault maps discovered:
D:1:      dpeg_arrival_refuge, layout_basic
D:2:      layout_basic, eat_drink_and_be_merry_uskayaw,
          nicolae_overflow_hidden_temple
D:3:      layout_rooms, chequers_ecumenical_altar_island, gup_sewer_entry_glass,
          grunt_ministairs_1, nicolae_ru_the_path_less_chosen,
          uniq_crazy_yiuf_cottage
D:4:      layout_loops_cross, serial_shops, nicolae_shop_stone,
          uniq_blork_the_orc, uniq_duvessa
D:5:      layout_basic, elyvilon_altar_3, hangedman_decor_points
D:6:      layout_cave_pools, uniq_maggie, uniq_edmund
D:7:      layout_basic, yredelemnul_altar_generic,
          minmay_temple_entry_butterflies, chequers_serial_rivers_small_b,
          uniq_joseph, uniq_menkaure
D:8:      layout_loops_ring, nicolae_gozag_seed_capital,
          amethyst_overflow_temple_binary, grunt_lair_entry_orc_guard_hut
D:9:      layout_roguey, xom_confusion_cloud, hellmonk_ghost_happy_afterlife,
          serial_rivers, chequers_serial_rivers_micro_e,
          chequers_serial_rivers_micro_a, chequers_serial_rivers_room_a,
          chequers_serial_rivers_room_b, chequers_serial_rivers_room_b,
          nzn_masters_of_martial_movement
Temple:   eino_narrow_crystal_temple

Skill      XL: |  1  2  3  4  5  6  7  8  9 10 |
---------------+-------------------------------+-----
Throwing       | 2 3 4 5 7 8 |  8.0
Dodging        | 3 |  3.0
Fighting       | 3 4 6 7 8 |  8.4
Maces & Flails | 4 5 6 7 10 | 10.9

Action                   |  1- 3 |  4- 6 |  7- 9 | 10-12 || total
-------------------------+-------+-------+-------+-------++-------
Melee: Flail             |   103 |   125 |   227 |   112 ||   567
       Tailslap          |    13 |    19 |    37 |    28 ||    97
Throw: Stone             |    62 |    73 |   136 |    21 ||   292
       Throwing net      |       |     3 |       |       ||     3
       Dart              |       |     4 |    20 |     2 ||    26
Invok: Upheaval          |       |       |       |     4 ||     4
 Abil: Breathe Fire      |       |       |    30 |     6 ||    36
Evoke: Wand              |       |       |       |     4 ||     4
 Stab: Sleeping          |       |     1 |       |       ||     1
       Held in net/web   |       |     1 |       |       ||     1
Armor: Skin              |    39 |    32 |    66 |    36 ||   173
Dodge: Dodged            |    94 |    67 |   114 |    27 ||   302
       Repelled          |       |     2 |       |       ||     2
Block: Other             |    35 |    37 |    38 |       ||   110
       Reflection        |     1 |     6 |    13 |       ||    20
       Kite shield       |       |       |   129 |    96 ||   225
